TOP OF THE 1ST |
Yellowknife Dragonblood batting - Pitching for Niagara Falls Expos : LHP Mannus Dijkman
|
Pitching: LHP Mannus Dijkman
|
|
Batting: RHB Pancho Gamboa
|
0-0: Ball 1-0: Ball 2-0: Ball 3-0: Called Strike 3-1: Base on Balls
|
Batting: RHB Sergio Peña
|
0-0: Called Strike 0-1: Ball 1-1: Ball 2-1: Foul Ball, location: 2F 2-2: DOUBLE (Line Drive, 7LM) Pancho Gamboa to third
|
Batting: SHB Miguel Herrera
|
0-0: Called Strike 0-1: SINGLE (Groundball, 56D) Pancho Gamboa scores Sergio Peña to third
|
Batting: RHB Manny García
|
0-0: Called Strike 0-1: Ball 1-1: Called Strike Pickoff Throw by Catcher to First - Error! E2 Sergio Peña scores Miguel Herrera to second 1-2: Fly out, F6 (Line Drive, 6) Lined into DP, 6-4 (Line Drive, 6)
|
Batting: RHB Manuel Ramos
|
0-0: Ball 1-0: Foul Ball, location: 2F 1-1: Foul Ball, location: 2F 1-2: SINGLE (Line Drive, 34)
|
Batting: RHB Orlando Moruga
|
0-0: Called Strike 0-1: Ball 1-1: SINGLE (Line Drive, 4M) Manuel Ramos to second
|
Batting: SHB Peer van Lochem
|
0-0: Swinging Strike 0-1: Fly out, F8 (Flyball, 8RM)
|
Top of the 1st over - 2 run(s), 4 hit(s), 1 error(s), 2 left on base; Yellowknife 2 - Niagara Falls 0 |
BOTTOM OF THE 1ST |
Niagara Falls Expos batting - Pitching for Yellowknife Dragonblood : RHP Lesedi Danjuma
|
Pitching: RHP Lesedi Danjuma
|
|
Batting: SHB Robert La Caze
|
0-0: Fly out, F8 (Flyball, 8LS)
|
Batting: RHB Mario Germán
|
0-0: Ball 1-0: Ball 2-0: Called Strike 2-1: Reached on error, E3 (Groundball, 34)
|
Batting: LHB Júlio Ibarra
|
0-0: Ball 1-0: Called Strike 1-1: Ball 2-1: Foul Ball, location: 2F 2-2: Ball 3-2: Base on Balls Mario Germán to second
|
Batting: RHB Diego Méndez
|
0-0: Foul Ball, location: 2F 0-1: Swinging Strike 0-2: Strikes out swinging
|
Batting: LHB Kalino Darri
|
0-0: Fly out, F7 (Flyball, 7LM)
|
Bottom of the 1st over - 0 run(s), 0 hit(s), 1 error(s), 2 left on base; Yellowknife 2 - Niagara Falls 0 |
TOP OF THE 2ND |
Yellowknife Dragonblood batting - Pitching for Niagara Falls Expos : LHP Mannus Dijkman
|
Batting: RHB Alejandro Bracamonte
|
0-0: Called Strike 0-1: Ball 1-1: Fly out, F8 (Flyball, 8RM)
|
Batting: SHB Barney Heise
|
0-0: Called Strike 0-1: Ball 1-1: Foul Ball, location: 2F 1-2: Foul Ball, location: 2F 1-2: SINGLE (Groundball, 34D)
|
Batting: RHB Pancho Gamboa
|
0-0: SINGLE (Line Drive, 6MD) Barney Heise to second
|
Batting: RHB Sergio Peña
|
0-0: Ball 1-0: Foul Ball, location: 2F 1-1: Ball 2-1: Fielders Choice at 2nd, 6-4 (Groundball, 6) Barney Heise to third
|
Batting: SHB Miguel Herrera
|
0-0: Called Strike 0-1: Foul Ball, location: 2F 0-2: 3-RUN HOME RUN (Flyball, 89XD), Distance : 420 ft
|
Batting: RHB Manny García
|
0-0: Ball 1-0: Foul Ball, location: 2F 1-1: Foul Ball, location: 2F 1-2: Foul Ball, location: 2F 1-2: Ball 2-2: DOUBLE (Line Drive, 8LM)
|
Batting: RHB Manuel Ramos
|
0-0: Called Strike 0-1: Ball 1-1: Called Strike 1-2: Ball 2-2: SINGLE (Groundball, 34D) Manny García to third Runner from 3rd tries for Home, SAFE, no throw
|
Batting: RHB Orlando Moruga
|
0-0: Ball 1-0: Ball 2-0: Foul Ball, location: 2F 2-1: Fielders Choice at 2nd, 4-6 (Groundball, 4)
|
Top of the 2nd over - 4 run(s), 5 hit(s), 0 error(s), 0 left on base; Yellowknife 6 - Niagara Falls 0 |
BOTTOM OF THE 2ND |
Niagara Falls Expos batting - Pitching for Yellowknife Dragonblood : RHP Lesedi Danjuma
|
Batting: RHB Joakim Halvorsen
|
0-0: Called Strike 0-1: Ball 1-1: Fly out, F8 (Flyball, 8LS)
|
Batting: RHB Hou Kong
|
0-0: Ball 1-0: Ball 2-0: Called Strike 2-1: Swinging Strike 2-2: Foul Ball, location: 2F 2-2: Fly out, F7 (Flyball, 7)
|
Batting: RHB Justin Smelter
|
0-0: Called Strike 0-1: Swinging Strike 0-2: Ball 1-2: Ball 2-2: Strikes out swinging
|
Bottom of the 2nd over - 0 run(s), 0 hit(s), 0 error(s), 0 left on base; Yellowknife 6 - Niagara Falls 0 |
TOP OF THE 3RD |
Yellowknife Dragonblood batting - Pitching for Niagara Falls Expos : LHP Mannus Dijkman
|
Pitching: RHP Selim Ferré
|
|
Batting: SHB Peer van Lochem
|
0-0: Ball 1-0: Ball 2-0: SINGLE (Line Drive, 9LS)
|
Batting: RHB Alejandro Bracamonte
|
0-0: Ball 1-0: Ground out 5-3 (Groundball, 56S) Peer van Lochem to second
|
Batting: SHB Barney Heise
|
0-0: Called Strike 0-1: Called Strike 0-2: Strikes out swinging
|
Batting: RHB Pancho Gamboa
|
0-0: Called Strike 0-1: Swinging Strike 0-2: SINGLE (Line Drive, 7LM) Peer van Lochem to third Runner from 3rd tries for Home, SAFE, no throw
|
Batting: RHB Sergio Peña
|
0-0: Foul Ball, location: 2F 0-1: Swinging Strike 0-2: Ball 1-2: Ball 2-2: Ball 3-2: Ground out 5-3 (Groundball, 5)
|
Top of the 3rd over - 1 run(s), 2 hit(s), 0 error(s), 1 left on base; Yellowknife 7 - Niagara Falls 0 |
BOTTOM OF THE 3RD |
Niagara Falls Expos batting - Pitching for Yellowknife Dragonblood : RHP Lesedi Danjuma
|
Batting: LHB Manuel Núñez
|
0-0: Called Strike 0-1: Called Strike 0-2: Ground out 5-3 (Groundball, 5S)
|
Batting: SHB Robert La Caze
|
0-0: Called Strike 0-1: Called Strike 0-2: Strikes out swinging
|
Batting: RHB Mario Germán
|
0-0: Ground out 6-3 (Groundball, 6)
|
Bottom of the 3rd over - 0 run(s), 0 hit(s), 0 error(s), 0 left on base; Yellowknife 7 - Niagara Falls 0 |
TOP OF THE 4TH |
Yellowknife Dragonblood batting - Pitching for Niagara Falls Expos : RHP Selim Ferré
|
Batting: SHB Miguel Herrera
|
0-0: Called Strike 0-1: Ball 1-1: Ball 2-1: Ball 3-1: Base on Balls
|
Batting: RHB Manny García
|
0-0: Ball 1-0: Called Strike 1-1: Grounds into double play, 5-4-3 (Groundball, 5L)
|
Batting: RHB Manuel Ramos
|
0-0: Swinging Strike 0-1: Ball 1-1: Foul Ball, location: 2F 1-2: Strikes out swinging
|
Top of the 4th over - 0 run(s), 0 hit(s), 0 error(s), 0 left on base; Yellowknife 7 - Niagara Falls 0 |
BOTTOM OF THE 4TH |
Niagara Falls Expos batting - Pitching for Yellowknife Dragonblood : RHP Lesedi Danjuma
|
Batting: LHB Júlio Ibarra
|
0-0: Called Strike 0-1: Ball 1-1: Ball 2-1: Ball 3-1: Base on Balls
|
Batting: RHB Diego Méndez
|
0-0: Called Strike 0-1: Swinging Strike 0-2: Ball 1-2: Foul Ball, location: 2F 1-2: Ball 2-2: Strikes out looking
|
Batting: LHB Kalino Darri
|
0-0: Fly out, F4 (Line Drive, 4M)
|
Batting: RHB Joakim Halvorsen
|
0-0: SINGLE (Line Drive, 6D) Júlio Ibarra to second
|
Batting: RHB Hou Kong
|
0-0: Ball 1-0: Swinging Strike 1-1: Ball 2-1: Foul Ball, location: 2F 2-2: Strikes out swinging
|
Bottom of the 4th over - 0 run(s), 1 hit(s), 0 error(s), 2 left on base; Yellowknife 7 - Niagara Falls 0 |
TOP OF THE 5TH |
Yellowknife Dragonblood batting - Pitching for Niagara Falls Expos : RHP Selim Ferré
|
Batting: RHB Orlando Moruga
|
0-0: Ball 1-0: Ball 2-0: Ball 3-0: Called Strike 3-1: Called Strike 3-2: Foul Ball, location: 2F 3-2: Ground out 1-3 (Groundball, 13S)
|
Batting: SHB Peer van Lochem
|
0-0: Ball 1-0: Ball 2-0: Foul Ball, location: 2F 2-1: Ball 3-1: Fly out, F9 (Flyball, 9)
|
Batting: RHB Alejandro Bracamonte
|
0-0: Called Strike 0-1: Ball 1-1: Ground out 6-3 (Groundball, 6M)
|
Top of the 5th over - 0 run(s), 0 hit(s), 0 error(s), 0 left on base; Yellowknife 7 - Niagara Falls 0 |
BOTTOM OF THE 5TH |
Niagara Falls Expos batting - Pitching for Yellowknife Dragonblood : RHP Lesedi Danjuma
|
Batting: RHB Justin Smelter
|
0-0: Ball 1-0: Called Strike 1-1: Foul Ball, location: 2F 1-2: Ground out 5-3 (Groundball, 56S)
|
Batting: LHB Manuel Núñez
|
0-0: Called Strike 0-1: Ball 1-1: Swinging Strike 1-2: SINGLE (Flyball, 9S)
|
Batting: SHB Robert La Caze
|
0-0: Ball 1-0: Called Strike 1-1: Called Strike 1-2: Grounds into double play, 4-6-3 (Groundball, 4)
|
Bottom of the 5th over - 0 run(s), 1 hit(s), 0 error(s), 0 left on base; Yellowknife 7 - Niagara Falls 0 |
TOP OF THE 6TH |
Yellowknife Dragonblood batting - Pitching for Niagara Falls Expos : RHP Selim Ferré
|
Batting: SHB Barney Heise
|
0-0: Ball 1-0: Called Strike 1-1: Fly out, F1 (Line Drive, 13S)
|
Batting: RHB Pancho Gamboa
|
0-0: Swinging Strike 0-1: Fly out, F8 (Flyball, 8LM)
|
Batting: RHB Sergio Peña
|
0-0: Foul Ball, location: 2F 0-1: Swinging Strike 0-2: Ball 1-2: Ball 2-2: Ball 3-2: Base on Balls
|
Batting: SHB Miguel Herrera
|
0-0: Foul Ball, location: 2F 0-1: Ball 1-1: Swinging Strike 1-2: Strikes out looking
|
Top of the 6th over - 0 run(s), 0 hit(s), 0 error(s), 1 left on base; Yellowknife 7 - Niagara Falls 0 |
BOTTOM OF THE 6TH |
Niagara Falls Expos batting - Pitching for Yellowknife Dragonblood : RHP Lesedi Danjuma
|
Batting: RHB Mario Germán
|
0-0: Ball 1-0: Called Strike 1-1: SINGLE (Line Drive, 4MD)
|
Batting: LHB Júlio Ibarra
|
0-0: Called Strike 0-1: Foul Ball, location: 2F 0-2: Strikes out looking
|
Batting: RHB Diego Méndez
|
0-0: Ball 1-0: Fielders Choice at 2nd, 6-4 (Groundball, 6)
|
Batting: LHB Kalino Darri
|
0-0: Ball 1-0: Ball Diego Méndez steals 2nd base 2-0: Ground out U3 (Groundball, 34S)
|
Bottom of the 6th over - 0 run(s), 1 hit(s), 0 error(s), 1 left on base; Yellowknife 7 - Niagara Falls 0 |
TOP OF THE 7TH |
Yellowknife Dragonblood batting - Pitching for Niagara Falls Expos : RHP Selim Ferré
|
Pitching: RHP Benedicto Castellon
|
|
Batting: RHB Manny García
|
0-0: Swinging Strike 0-1: Ball 1-1: Ground out 5-3 (Groundball, 56)
|
Batting: RHB Manuel Ramos
|
0-0: Called Strike 0-1: Ball 1-1: Ball 2-1: Foul Ball, location: 2F 2-2: Ball 3-2: Fly out, F8 (Flyball, 89S)
|
Batting: RHB Orlando Moruga
|
0-0: SINGLE (Line Drive, 6M)
|
Batting: SHB Peer van Lochem
|
0-0: SINGLE (Groundball, 56D) Orlando Moruga to second
|
Batting: RHB Alejandro Bracamonte
|
0-0: Swinging Strike 0-1: Ball 1-1: Foul Ball, location: 2F 1-2: Foul Ball, location: 2F 1-2: Strikes out swinging
|
Top of the 7th over - 0 run(s), 2 hit(s), 0 error(s), 2 left on base; Yellowknife 7 - Niagara Falls 0 |
BOTTOM OF THE 7TH |
Niagara Falls Expos batting - Pitching for Yellowknife Dragonblood : RHP Lesedi Danjuma
|
Batting: RHB Joakim Halvorsen
|
0-0: Ball 1-0: SINGLE (Flyball, 9LS)
|
Batting: RHB Hou Kong
|
0-0: Ball 1-0: Foul Ball, location: 2F 1-1: Ball 2-1: Fly out, F4 (Popup, 3D)
|
Batting: RHB Justin Smelter
|
0-0: Ball 1-0: Called Strike 1-1: Ball 2-1: Called Strike 2-2: Strikes out swinging
|
Batting: LHB Manuel Núñez
|
0-0: Called Strike 0-1: SINGLE (Line Drive, 89S) Joakim Halvorsen to second
|
Pitching: LHP Roberto Muñóz
|
|
Batting: SHB Robert La Caze
|
0-0: Ground out U3 (Groundball, 3)
|
Bottom of the 7th over - 0 run(s), 2 hit(s), 0 error(s), 2 left on base; Yellowknife 7 - Niagara Falls 0 |
TOP OF THE 8TH |
Yellowknife Dragonblood batting - Pitching for Niagara Falls Expos : RHP Benedicto Castellon
|
Batting: SHB Barney Heise
|
0-0: Called Strike 0-1: Ball 1-1: Ball 2-1: Foul Ball, location: 2F 2-2: Foul Ball, location: 2F 2-2: TRIPLE (Line Drive, 89D)
|
Batting: RHB Pancho Gamboa
|
0-0: Ball 1-0: Called Strike 1-1: Swinging Strike 1-2: Strikes out looking
|
Batting: RHB Sergio Peña
|
0-0: Ball 1-0: Called Strike 1-1: Foul Ball, location: 2F 1-2: Ball 2-2: Strikes out swinging
|
Batting: SHB Miguel Herrera
|
0-0: Ball 1-0: Foul Ball, location: 2F 1-1: Called Strike 1-2: Strikes out swinging
|
Top of the 8th over - 0 run(s), 1 hit(s), 0 error(s), 1 left on base; Yellowknife 7 - Niagara Falls 0 |
BOTTOM OF THE 8TH |
Niagara Falls Expos batting - Pitching for Yellowknife Dragonblood : LHP Roberto Muñóz
|
Batting: RHB Mario Germán
|
0-0: Called Strike 0-1: SINGLE (Groundball, 6MD)
|
Batting: LHB Júlio Ibarra
|
0-0: Swinging Strike 0-1: Swinging Strike 0-2: Ball 1-2: Ball 2-2: Strikes out swinging
|
Batting: RHB Diego Méndez
|
0-0: Ball 1-0: Called Strike 1-1: Called Strike 1-2: Foul Ball, location: 2F 1-2: Ball 2-2: Strikes out swinging
|
Batting: LHB Kalino Darri
|
0-0: Swinging Strike 0-1: Ball 1-1: Foul Ball, location: 2F 1-2: Ball 2-2: Ball 3-2: Strikes out swinging
|
Bottom of the 8th over - 0 run(s), 1 hit(s), 0 error(s), 1 left on base; Yellowknife 7 - Niagara Falls 0 |
TOP OF THE 9TH |
Yellowknife Dragonblood batting - Pitching for Niagara Falls Expos : RHP Benedicto Castellon
|
Batting: RHB Manny García
|
0-0: Ball 1-0: Called Strike 1-1: Swinging Strike 1-2: Hit by Pitch
|
Batting: RHB Manuel Ramos
|
0-0: Ball 1-0: Foul Ball, location: 2F 1-1: Swinging Strike 1-2: Strikes out swinging
|
Batting: RHB Orlando Moruga
|
0-0: Swinging Strike 0-1: Called Strike 0-2: Foul Ball, location: 2F 0-2: Ball 1-2: Ball Manny García steals 2nd base 2-2: Ball 3-2: Foul Ball, location: 2F 3-2: Foul Ball, location: 2F 3-2: Foul Ball, location: 2F 3-2: Strikes out swinging
|
Batting: SHB Peer van Lochem
|
0-0: Ball 1-0: Foul Ball, location: 2F 1-1: Foul Ball, location: 2F 1-2: Foul Ball, location: 2F 1-2: Ball 2-2: Fly out, F7 (Flyball, 7S)
|
Top of the 9th over - 0 run(s), 0 hit(s), 0 error(s), 1 left on base; Yellowknife 7 - Niagara Falls 0 |
BOTTOM OF THE 9TH |
Niagara Falls Expos batting - Pitching for Yellowknife Dragonblood : LHP Roberto Muñóz
|
Batting: RHB Joakim Halvorsen
|
0-0: Called Strike 0-1: Called Strike 0-2: SINGLE (Groundball, 6MD)
|
Batting: RHB Hou Kong
|
0-0: Swinging Strike 0-1: Ball 1-1: SINGLE (Flyball, 8LS) Joakim Halvorsen to second
|
Batting: RHB Justin Smelter
|
0-0: Called Strike 0-1: Ball 1-1: Ball 2-1: Ball 3-1: Base on Balls Joakim Halvorsen to third Hou Kong to second
|
Batting: LHB Manuel Núñez
|
0-0: Called Strike 0-1: Fly out, F6 (Flyball, 56D)
|
Batting: SHB Robert La Caze
|
0-0: Grounds into double play, 5-4-3 (Groundball, 5)
|
Bottom of the 9th over - 0 run(s), 2 hit(s), 0 error(s), 2 left on base; Yellowknife 7 - Niagara Falls 0 |
|